 Dungeon Crawl Stone Soup version 0.27-a0-1147-gb3d8e82157 (webtiles) character file.

Game seed: 8843126234054808871

35 kae the Skirmisher (level 3, -3/29 HPs)
             Began as a Demonspawn Fighter on May 11, 2021.
             Slain by a hobgoblin (6 damage)
             ... led by Robin
             ... on level 2 of the Dungeon.
             The game lasted 00:00:32 (1093 turns).

kae the Skirmisher (Demonspawn Fighter)             Turns: 1093, Time: 00:00:32

Health: -3/29      AC:  7    Str: 17    XL:     3   Next: 17%
Magic:  3/3        EV:  6    Int:  9    God:
Gold:   25         SH:  8    Dex: 12    Spells: 2/2 levels left

rFire    . . .     SeeInvis .   a - +0 long sword
rCold    . . .     Faith    .   c - +0 kite shield
rNeg     . . .     Spirit   .   b - +0 scale mail
rPois    .         Reflect  .   (no helmet)
rElec    .         Harm     .   g - +0 cloak
rCorr    .         Rampage  .   (no gloves)
Will     .....                  (no boots)
Stlth    ..........             (no amulet)
HPRegen  0.09/turn              (no ring)
MPRegen  0.08/turn              (no ring)

@: no status effects
A: claws 1, talons 1
a: no special abilities


You were on level 2 of the Dungeon.
You visited 1 branch of the dungeon, and saw 2 of its levels.

You collected 25 gold pieces.

Inventory:

Hand Weapons
 a - a +0 long sword (weapon)
Armour
 b - a +0 scale mail (worn)
 c - a +0 kite shield (worn)
 g - a +0 cloak (worn)
Potions
 d - 2 potions of might
 h - 2 potions of curing


   Skills:
 + Level 3.4 Fighting
 - Level 2.2 Long Blades
 - Level 2.6 Armour
 - Level 2.6 Shields
 * Level 1.5 Unarmed Combat


You had 2 spell levels left.
You didn't know any spells.
Your spell library was empty.

Dungeon Overview and Level Annotations

Branches:
Dungeon (2/15)

Altars:

Annotations:
D:2 Robin


Innate Abilities, Weirdness & Mutations

You have sharp fingernails.
You have sharp toenails.


Message History

Robin roars a battlecry!
The hobgoblin goes into a battle-frenzy!
You see here a +0 club.
The goblin no longer looks unusually strong.
The goblin hits you with a +0 club.
Robin roars a battlecry!
The goblin goes into a battle-frenzy!
The goblin no longer looks unusually strong. x2
Robin throws the goblin at you!
You hit the goblin. Your kick misses the goblin.
The goblin is severely wounded.
The goblin no longer looks unusually strong. x2
You block the goblin's attack. x2; Robin throws the goblin at you!
The goblin hits you with a +0 dagger of freezing.
The goblin freezes you.
* * * LOW HITPOINT WARNING * * *
The goblin barely misses you.
The goblin shoots a stone.
The stone hits you but does no damage. The goblin completely misses you.
The goblin barely misses you.
Okay, then.
As you read the scroll labelled POSIOGU BAGAFO, it crumbles to dust.
You hear a loud clanging noise!
It was a scroll of noise.
You hear a shout!
The hobgoblin no longer looks unusually strong.
The goblin hits you but does no damage. The goblin barely misses you.
You block the goblin's attack. The hobgoblin barely misses you.
The goblin hits you with a +0 club.
* * * LOW HITPOINT WARNING * * *
As you read the scroll labelled KEESYCA HORPHIRR, it crumbles to dust.
It is a scroll of identify.
h - 2 potions of curing The hobgoblin no longer looks unusually strong.
The goblin no longer looks unusually strong. x2
You block the goblin's attack. The goblin barely misses you.
The goblin hits you but does no damage. The goblin closely misses you.
You riposte.
You closely miss the goblin. You claw the goblin.
You kill the goblin!
The hobgoblin hits you.
You die...

######### ........###
..........#########
...###########..g.........
..........).g.ggg.........
....g....)..gggg@g........
.################)######.#
#.# #.## #..# ##.#####
#.....# ####..#.# +.....#


You could see Robin, 3 hobgoblins and 6 goblins.

Vanquished Creatures
  2 worms (D:2)
  2 bats
  An endoplasm (D:2)
  8 goblins
  2 hobgoblins
  2 jackals (D:2)
  2 quokkas (D:1)
  2 ball pythons (D:1)
  A frilled lizard (D:1)
  3 kobolds
  3 rats
28 creatures vanquished.

Notes
Turn   | Place    | Note
-------+----------+-------------------------------------------
     0 | D:1      | kae the Demonspawn Fighter began the quest for the Orb.
     0 | D:1      | Reached XP level 1. HP: 18/18 MP: 1/1
   198 | D:1      | Gained mutation: You have sharp fingernails. [demonic
                  | ancestry]
   198 | D:1      | Reached XP level 2. HP: 24/24 MP: 2/2
   201 | D:1      | Found a faded altar of an unknown god.
   836 | D:2      | Reached skill level 1 in Unarmed Combat
   946 | D:2      | Gained mutation: You have sharp toenails. [demonic
                  | ancestry]
   946 | D:2      | Reached XP level 3. HP: 29/29 MP: 3/3
  1073 | D:2      | Noticed Robin
  1093 | D:2      | Slain by a hobgoblin

Illustrated notes

Levels and vault maps discovered:
D:1:      scummos_arrival_gate, layout_basic,
          ebering_ecumenical_altar_sacrificial
D:2:      layout_basic, serial_shops, shop, dk_vineyard_1, uniq_robin

Skill      XL: |  1  2 |
---------------+-------+-----
Long Blades    | 2 |  2.2
Unarmed Combat | 1 |  1.5
Fighting       | |  3.4
Armour         | |  2.6
Shields        | |  2.6

Action                   || total
-------------------------++-------
Melee: Long sword        ||    59
       Kick              ||     4
  Use: Scroll            ||     2
Armor: Scale mail        ||    48
Dodge: Dodged            ||    38
Block: Kite shield       ||    39
       Rpst.: Long sword ||    11

Table legend: (Time is in decaauts)
 A = Elapsed time spent in this place.
 B = Non-inter-level travel time spent in this place.
 C = Inter-level travel time spent in this place.
 D = Time resting spent in this place.
 E = Time spent auto-exploring this place.
 F = Levels seen in this place.
 G = Mean time per level.
                   A        B        C        D        E       F      G
               +--------+--------+--------+--------+--------+-----+--------+
         Total |   1124 |   1107 |     17 |      0 |    928 |   2 |  562.0 |
       Dungeon |   1124 |   1107 |     17 |      0 |    928 |   2 |  562.0 |
               +--------+--------+--------+--------+--------+-----+--------+

Top non-repeatable levels by time:
     D:1: 787 daAuts
     D:2: 336 daAuts
